 Dungeon Crawl Stone Soup version 0.31-a0-507-gbafd7f5274 (webtiles) character file.

Game seed: 3055967200657787286

3004 RepHenryClay the Cleaver (level 9, -5/62 HPs)
             Began as a Demonspawn Gladiator on Aug 10, 2023.
             Slain by a yak (9 damage)
             ... on level 8 of the Dungeon.
             The game lasted 00:10:58 (5971 turns).

RepHenryClay the Cleaver (Demonspawn Gladiator)     Turns: 5971, Time: 00:10:59

Health: -5/62      AC: 12    Str: 17    XL:     9   Next: 54%
Magic:  9/9        EV: 11    Int: 10    God:
Gold:   472        SH:  0    Dex: 16    Spells: 8/8 levels left

rFire   . . .        a - +0 war axe
rCold   . . .        (no shield)
rNeg    . . .        s - +0 scale mail
rPois   +            (helmet restricted)
rElec   .            n - +0 cloak
rCorr   .            o - +0 pair of gloves
SInv    .            (no boots)
Will    .....        (no amulet) Stlth
                     t - +4 ring of slaying
HPRegen 0.30/turn    e - ring of poison resistance
MPRegen 0.11/turn

%: no passive effects
@: no status effects
A: antennae 2, rugged brown scales 1, demonic guardian 1, powered by death 1
a: no special abilities


You were on level 8 of the Dungeon.
You visited 1 branch of the dungeon, and saw 8 of its levels.

You collected 472 gold pieces.

Inventory:

Hand Weapons
 a - a +0 war axe (weapon)
 h - a +0 dagger of venom
 j - a +2 whip of electrocution
Missiles
 d - 2 throwing nets (quivered)
Armour
 b - a +0 leather armour
 c - a +0 helmet
 n - a +0 cloak (worn)
 o - a +0 pair of gloves (worn)
 p - the +2 ring mail of the Ward {rC+ Dex+4}
   (You found it on level 4 of the Dungeon)

   Dex+4:     It affects your dexterity (+4).
   rC+:       It protects you from cold.
 s - a +0 scale mail (worn)
Jewellery
 e - a ring of poison resistance (right hand)
 r - a ring of wizardry
 t - a +4 ring of slaying (left hand)
Wands
 g - a wand of polymorph (10)
 q - a wand of digging (15)
Scrolls
 f - 4 scrolls of identify {@r1}
 i - a scroll of amnesia
 k - 2 scrolls of enchant weapon
 m - a scroll of teleportation
Potions
 l - a potion of curing


   Skills:
 - Level 2.0 Fighting
 + Level 9.1 Axes
 - Level 1.7 Throwing
 + Level 8.6 Armour
 - Level 2.6 Dodging


You had 8 spell levels left.
You didn't know any spells.
Your spell library contained the following spells:

 Spells                   Type           Power      Damage    Failure   Level
 Ensorcelled Hibernation  Hex/Ice        0%         N/A       85%         2
 Passwall                 Tmut/Erth      0%         N/A       85%         2
 Dazzling Flash           Conj/Hex       0%         N/A       97%         3
 Swiftness                Air            0%         N/A       97%         3
 Vhi's Electric Charge    Tloc/Air       0%         N/A       97%         3
 Volatile Blastmotes      Fire/Tloc      0%         2d10      97%         3
 Arcjolt                  Conj/Air       0%         1d10      100%        5
 Plasma Beam              Fire/Air       0%         2x1d10    100%        6
 Starburst                Conj/Fire      0%         6d3       100%        6
 Maxwell's Capacitive Co  Air            0%         ∞         100%        8


Dungeon Overview and Level Annotations

Branches:
Dungeon (8/15)
 Temple: D:4-7         Lair: D:8-11

Altars:
Gozag
Vehumet
Wu Jian

Annotations:
D:5 3 runed translucent doors, AstroCodex24's ghost, amateur DgFi
D:7 Jeremiah


Innate Abilities, Weirdness & Mutations

You have a pair of antennae on your head.
You are partially covered in rugged brown scales. (AC +1, +3% HP)
A weak demonic guardian rushes to your aid.
You regenerate a little health from kills.


Message History

A black bear comes into view.
You slash the yak!
The yak is severely wounded.
The yak barely misses you.
You slash the yak!
You kill the yak!
Your Axes skill increases to level 9!
You hit the yak.
The yak is heavily wounded.
The yak barely misses you.
You slash the yak!
The yak is severely wounded.
The yak misses you.
You slash the yak!
You kill the yak!
You hit the yak but do no damage.
Your ufetubus disappears in a puff of smoke!
The yak gores you.
* * * LOW HITPOINT WARNING * * *
Damage: -4%(-3hp) hp: 38%(23hp)
You slash the yak!
The yak is moderately wounded.
The yak misses you.
You slash the yak!
The yak is severely wounded.
The yak gores you.
* * * LOW HITPOINT WARNING * * *
Damage: -1%(-1hp) hp: 38%(23hp) Unknown command.
You hit the yak.
The yak is severely wounded.
The yak gores you!
* * * LOW HITPOINT WARNING * * *
A demonic guardian appears!
Huge Dmg: -13%(-8hp) hp: 25%(15hp)
The yak attacks as you move away! The yak gores you!
* * * LOW HITPOINT WARNING * * *
Huge Dmg: -18%(-11hp) hp: 7%(4hp)
The yak attacks as you move away! The yak gores you!
You die...

#..#.#
#....#
#.#<.#
#....#
###..##
##...####
#.......+
##...5.##
#..##@#
#.....#Y#
#.###.#h#
#. #...# #
#...#
#....$....#
###..#..#.#
#.....#...
##.#... ...


You could see a yak (ally target), a black bear and a friendly iron imp
(summoned).

Vanquished Creatures
  Maggie (D:7)
  5 yaks (D:8)
  A water moccasin (D:5)
  An ice beast (D:6)
  2 centaurs
  3 bullfrogs
  2 scorpions
  A gnoll sergeant (D:5)
  3 wights (D:7)
  4 howler monkeys
  2 jellies
  3 hounds
  3 orc priests
  3 iguanas
  3 orc wizards (D:5)
  8 adders
  2 ufetubi
  4 worms
  15 orcs
  9 ball pythons
  2 bats
  7 endoplasms
  4 giant cockroaches (D:1)
  7 goblins
  12 hobgoblins
  2 jackals (D:5)
  10 kobolds
  7 quokkas
  2 frilled lizards (D:3)
  3 rats
131 creatures vanquished.

Vanquished Creatures (collateral kills)
  A steam dragon (D:6)
  An ice beast (D:6)
  A phantom (D:5)
  A wight (D:7)
  A jelly (D:5)
  An adder (D:2)
  2 dart slugs
  5 orcs
  A giant cockroach (D:2)
  A jackal (D:5)
15 creatures vanquished.

Grand Total: 146 creatures vanquished

Notes
Turn   | Place    | Note
-------+----------+-------------------------------------------
     0 | D:1      | RepHenryClay the Demonspawn Gladiator began the quest for
                  | the Orb.
     0 | D:1      | Reached XP level 1. HP: 16/16 MP: 1/1
    88 | D:1      | Reached skill level 3 in Axes
    88 | D:1      | Gained mutation: You regenerate a little health from kills.
                  | [demonic ancestry]
    88 | D:1      | Reached XP level 2. HP: 22/22 MP: 2/2
   116 | D:1      | Reached skill level 1 in Armour
   474 | D:2      | Gained mutation: A weak demonic guardian rushes to your
                  | aid. [demonic ancestry]
   474 | D:2      | Reached XP level 3. HP: 27/27 MP: 3/3
   585 | D:2      | Reached XP level 4. HP: 33/33 MP: 4/4
   832 | D:2      | Found a radiant altar of Vehumet.
  1163 | D:2      | Reached skill level 4 in Axes
  1862 | D:3      | Found a faded altar of an unknown god.
  1947 | D:3      | Reached XP level 5. HP: 33/38 MP: 5/5
  2283 | D:4      | HP: 1/38 [orc/+0 flail (7)]
  2435 | D:4      | Reached XP level 6. HP: 44/44 MP: 6/6
  2450 | D:4      | Found an opulent altar of Gozag.
  2770 | D:4      | Identified the +2 ring mail of the Ward {rC+ Dex+4}
  2925 | D:4      | Reached skill level 5 in Axes
  3149 | D:5      | Entered Level 5 of the Dungeon
  3502 | D:5      | Gained mutation: You are partially covered in rugged brown
                  | scales. (AC +1, +3% HP) [demonic ancestry]
  3502 | D:5      | Reached XP level 7. HP: 42/51 MP: 7/7
  3862 | D:5      | Found a runed translucent gate.
  3864 | D:5      | Found a runed translucent gate.
  3867 | D:5      | Found a runed translucent gate.
  3867 | D:5      | Noticed AstroCodex24's ghost (amateur DgFi)
  3872 | D:5      | Reached skill level 5 in Armour
  4297 | D:5      | Reached skill level 6 in Axes
  4636 | D:5      | Gained mutation: You have a pair of small antennae on your
                  | head. [demonic ancestry]
  4636 | D:5      | Reached XP level 8. HP: 19/57 MP: 8/8
  4828 | D:6      | Noticed a troll
  4856 | D:6      | Found an ornate altar of the Wu Jian Council.
  4889 | D:6      | Reached skill level 7 in Axes
  5557 | D:5      | You fall into a shaft and drop 3 floors!
  5562 | D:7      | Noticed Maggie
  5572 | D:7      | Killed Maggie
  5598 | D:7      | Reached skill level 8 in Axes
  5630 | D:7      | Gained mutation: You have a pair of antennae on your head.
                  | [demonic ancestry]
  5630 | D:7      | Reached XP level 9. HP: 57/62 MP: 9/9
  5752 | D:7      | HP: 3/62 [orc priest/divine providence (12)]
  5760 | D:7      | Noticed Jeremiah
  5963 | D:8      | Reached skill level 9 in Axes
  5970 | D:8      | HP: 3/62 [yak (12)]
  5971 | D:8      | Slain by a yak

Illustrated notes

Levels and vault maps discovered:
D:1:      minmay_arrival_open_corners, layout_rooms,
          corexii_item_surrounded_by_moat
D:2:      layout_loops_cross, basic_altar
D:3:      layout_basic, ebering_ecumenical_altar_hall
D:4:      layout_cave_pods, old_standard_altar, kennysheep_orc_chapel
D:5:      minmay_polygon_palace, layout_basic, gammafunk_ghost_nasty_kobolds
D:6:      cheibrodos_fzero, layout_layer_cave, grunt_temple_overflow_open,
          mainiacjoe_overflow_cross_hatched, temple_statues, grunt_ministairs_9
D:7:      layout_loops_ring, kennysheep_cross_bottleneck,
          kennysheep_small_spiral, uniq_maggie, uniq_jeremiah, uniq_joseph
D:8:      layout_loops_corners, grunt_lair_entry_orc_guard_hut, serial_shops,
          shop, shop

Skill      XL: |  1  2  3  4  5  6  7  8  9 |
---------------+----------------------------+-----
Axes           | 3 4 5 6 8 9 |  9.1
Armour         | 1 2 3 4 5 7 8 |  8.6
Fighting       | |  2.0
Throwing       | |  1.7
Dodging        | |  2.6

Action                     |  1- 3 |  4- 6 |  7- 9 || total
---------------------------+-------+-------+-------++-------
  Melee: War axe           |    71 |       |   144 ||   215
         Whip              |       |   171 |   118 ||   289
         Dagger            |       |     4 |       ||     4
         Punch             |       |       |     3 ||     3
  Throw: Throwing net      |       |       |     2 ||     2
         Javelin           |       |       |     1 ||     1
    Use: Potion            |       |     4 |     6 ||    10
         Scroll            |       |       |     3 ||     3
   Stab: Sleeping          |     2 |     3 |       ||     5
         Held in net/web   |       |       |     4 ||     4
 Armour: Leather armour    |    24 |    32 |       ||    56
         Ring mail         |       |    23 |       ||    23
         Scale mail        |       |    12 |   142 ||   154
  Dodge: Dodged            |    56 |    86 |   131 ||   273

Table legend: (Time is in decaauts)
 A = Elapsed time spent in this place.
 B = Non-inter-level travel time spent in this place.
 C = Inter-level travel time spent in this place.
 D = Time resting spent in this place.
 E = Time spent auto-exploring this place.
 F = Levels seen in this place.
 G = Mean time per level.
                   A        B        C        D        E       F      G
               +--------+--------+--------+--------+--------+-----+--------+
         Total |   5966 |   5701 |    265 |   1032 |   3339 |   8 |  745.8 |
       Dungeon |   5966 |   5701 |    265 |   1032 |   3339 |   8 |  745.8 |
               +--------+--------+--------+--------+--------+-----+--------+

Top non-repeatable levels by time:
     D:5: 2137 daAuts
     D:4: 1111 daAuts
     D:3: 853 daAuts
     D:2: 717 daAuts
     D:1: 486 daAuts
     D:6: 238 daAuts
     D:7: 216 daAuts
     D:8: 205 daAuts
